[Event "Early-Titled-Tuesday-Blitz-November-28-2023"]
[Site "Chess.com"]
[Date "2023.11.28"]
[Round "8"]
[White "Aguiar94"]
[Black "inagreV"]
[Result "1-0"]
[WhiteElo "2615"]
[BlackElo "2417"]
[TimeControl "180+1"]
[EndTime "9:30:59 PST"]
[Termination "Aguiar94 won by resignation"]

1. e4 c6 2. d4 d5 3. e5 c5 4.
dxc5 Nc6 5. a3 e6 6. Nf3 Bxc5 7. b4 Bb6 8. Bd3 Nge7 9. O-O O-O 10. Re1 Ng6 11.
Bb2 f5 12. exf6 gxf6 13. c4 Nge5 14. cxd5 exd5 15. Nc3 Bg4 16. Be2 Nc4 17. Bc1 Be6 18. Bxc4 dxc4 19. Rxe6 1-0

[Event "Early-Titled-Tuesday-Blitz-November-28-2023"]
[Site "Chess.com"]
[Date "2023.11.28"]
[Round "8"]
[White "Crasmus"]
[Black "SmirnovTimofey2000"]
[Result "1-0"]
[WhiteElo "2280"]
[BlackElo "2086"]
[TimeControl "180+1"]
[EndTime "9:31:03 PST"]
[Termination "Crasmus won by resignation"]

1. c4 c6 2. g3 d5 3. Bg2 Nf6 4. Nf3 e6 5. O-O dxc4 6. a4 b5 7. axb5 cxb5 8. Ne5 Nd5 9. b3 cxb3 10. Qxb3 Bb7 11.
Qxb5+ Bc6 12. Nxc6 Qd7 13. Nd4 Qxb5 14. Nxb5 1-0

[Event "Early-Titled-Tuesday-Blitz-November-28-2023"]
[Site "Chess.com"]
[Date "2023.11.28"]
[Round "8"]
[White "SnekkerAndersen"]
[Black "Matols"]
[Result "1-0"]
[WhiteElo "2540"]
[BlackElo "2365"]
[TimeControl "180+1"]
[EndTime "9:31:08 PST"]
[Termination "SnekkerAndersen won by resignation"]

1. d4 d5 2. Bf4 Nf6 3. e3 c5 4. c3 Nc6 5. Nd2 Bg4 6. Qb3 Qc8 7. Ngf3 e6 8. Ne5 Nxe5 9. Bxe5 Nd7 10. Bg3 c4 11. Qc2 Bf5 12. Qd1 Be7 13. Be2 O-O 14. O-O b5 15. f3 Qc6 16. e4 dxe4 17. fxe4 Bxe4 18. Nxe4 Qxe4 19. Bf3 Qe3+ 20. Bf2 Qg5 21. Bxa8 Rxa8 22. Qf3 Rb8 23. Bg3 Rd8 24. Qxf7+ Kh8 25.
Qxe6 h5 26. Rf5 Qg4 27. Qxe7 1-0

[Event "Early-Titled-Tuesday-Blitz-November-28-2023"]
[Site "Chess.com"]
[Date "2023.11.28"]
[Round "8"]
[White "OneTrickPony_82"]
[Black "SharapovEvgeny"]
[Result "1-0"]
[WhiteElo "2464"]
[BlackElo "2578"]
[TimeControl "180+1"]
[EndTime "9:31:12 PST"]
[Termination "OneTrickPony_82 won by resignation"]

1. d4 Nf6 2. c4 e6 3. Nf3 Bb4+ 4. Bd2 c5 5. Bxb4 cxb4 6. e3 O-O 7. Be2 d6 8. O-O a5 9. Nbd2 Nbd7 10. Re1 b6 11. e4 e5 12. Bd3 Bb7 13. Nf1 Qc7 14.
Ng3 Rfe8 15. Qd2 h6 16. Rad1 Rad8 17. b3 Nf8 18. Bb1 Ne6 19. Nf5 exd4 20. N3xd4 Nxd4 21. Qxd4 Qc5 22. Qxc5 dxc5 23. Nd6 Re7 24. Nxb7 Rxd1 25.
Rxd1 Rxb7 26. Rd8+ Kh7 27. e5+ 1-0

[Event "Early-Titled-Tuesday-Blitz-November-28-2023"]
[Site "Chess.com"]
[Date "2023.11.28"]
[Round "8"]
[White "StellarChessPro"]
[Black "tantaan"]
[Result "1-0"]
[WhiteElo "2523"]
[BlackElo "2345"]
[TimeControl "180+1"]
[EndTime "9:31:15 PST"]
[Termination "StellarChessPro won by resignation"]

1. d4 Nf6 2. Bg5 e6 3. e4 h6 4. Bxf6 Qxf6 5. c3 g6 6. Bd3 Bg7 7. Ne2 c5 8. O-O cxd4 9. cxd4 O-O 10. Nbc3 a6 11. f4 Qd8 12. f5 e5 13. fxg6 fxg6 14. Nd5 Rxf1+ 15. Qxf1 d6 16. Qf3 Nc6 17. Rf1 Be6 18.
Nf6+ Bxf6 19. Qxf6 Qxf6 20. Rxf6 Bxa2 21. Rxg6+ Kh7 22.
Rxd6 Rd8 23. Rxd8 Nxd8 24. d5 Nf7 25. Nc1 1-0

[Event "Early-Titled-Tuesday-Blitz-November-28-2023"]
[Site "Chess.com"]
[Date "2023.11.28"]
[Round "8"]
[White "ammarzooqi"]
[Black "kunaevchess"]
[Result "1-0"]
[WhiteElo "2331"]
[BlackElo "2216"]
[TimeControl "180+1"]
[EndTime "9:31:17 PST"]
[Termination "ammarzooqi won by checkmate"]

1. e4 e5 2. Nf3 Nf6 3. Nxe5 d6 4.
Nf3 Nxe4 5. Nc3 Nxc3 6. dxc3 Be7 7. Bd3 h6 8. Be3 O-O 9. Qd2 Nc6 10. O-O-O a6 11.
g4 b5 12. g5 h5 13. g6 f5 14. Nd4 Ne5 15. Qe2 Ng4 16. h3 c5 17. Nc6 Qc7 18.
Nxe7+ Qxe7 19. hxg4 hxg4 20. f3 c4 21. Rh8+ Kxh8 22. Qh2+ Kg8 23. Qh7# 1-0

[Event "Early-Titled-Tuesday-Blitz-November-28-2023"]
[Site "Chess.com"]
[Date "2023.11.28"]
[Round "8"]
[White "falzehope0"]
[Black "sergeikim"]
[Result "1-0"]
[WhiteElo "2393"]
[BlackElo "2581"]
[TimeControl "180+1"]
[EndTime "9:31:22 PST"]
[Termination "falzehope0 won by resignation"]

1. d4 Nf6 2. e3 g6 3. Bd3 Bg7 4. f4 d6 5. Nf3 O-O 6. O-O Nbd7 7. f5 e5 8. fxe6 fxe6 9. Ng5 Nb6 10. Qe1 h6 11.
Nf3 g5 12. c3 Qe8 13. e4 Bd7 14. Na3 Qh5 15. e5 Nfd5 16. Qe4 Rf7 17. Qh7+ Kf8 18.
Bg6 Qg4 19. Bxf7 Kxf7 20. Nxg5+ Ke8 21. Qg8+ 1-0

[Event "Early-Titled-Tuesday-Blitz-November-28-2023"]
[Site "Chess.com"]
[Date "2023.11.28"]
[Round "8"]
[White "kubal123"]
[Black "Witik"]
[Result "0-1"]
[WhiteElo "2551"]
[BlackElo "2791"]
[TimeControl "180+1"]
[EndTime "9:31:23 PST"]
[Termination "Witik won by resignation"]

1. e4 c6 2. d4 d5 3. e5 Bf5 4. Nf3 e6 5. Be2 Nd7 6. O-O Bg6 7. Nbd2 Nh6 8. Nb3 Nf5 9. a4 Be7 10. a5 O-O 11. a6 b6 12. c4 dxc4 13. Bxc4 b5 14. Bd3 Qb6 15. Bd2 Rac8 16. Ba5 Qb8 17.
Rc1 c5 18. dxc5 Nxc5 19. Nxc5 Rxc5 20. Rxc5 Bxc5 21. Qc2 Nd4 22. Nxd4 Bxd4 23. Bxg6 hxg6 24. Bc7 Rc8 25. Rc1 Qa8 26. Qd2 Qd5 27. Bd6 Bxf2+ 28. Qxf2 Rxc1+ 0-1

[Event "Early-Titled-Tuesday-Blitz-November-28-2023"]
[Site "Chess.com"]
[Date "2023.11.28"]
[Round "8"]
[White "Gabix_94"]
[Black "PabloZarnicki"]
[Result "1-0"]
[WhiteElo "2744"]
[BlackElo "2546"]
[TimeControl "180+1"]
[EndTime "9:31:25 PST"]
[Termination "Gabix_94 won by checkmate"]

1. e4 e5 2. Nf3 Nf6 3. d4 Nxe4 4. Bd3 d5 5. dxe5 Nc6 6. Nc3 Nxc3 7. bxc3 Be7 8. h3 O-O 9. O-O Be6 10. Rb1 Rb8 11. Re1 Qd7 12. Ng5 Bxg5 13. Bxg5 h6 14. Bf4 b6 15.
Bb5 Rbd8 16. Qh5 Qe8 17. Bxh6 gxh6 18. Qxh6 Bd7 19. Bxc6 Bxc6 20. Re3 f6 21. Rg3+ Kf7 22. Qxf6# 1-0

[Event "Early-Titled-Tuesday-Blitz-November-28-2023"]
[Site "Chess.com"]
[Date "2023.11.28"]
[Round "8"]
[White "abelmat"]
[Black "Actuary44"]
[Result "0-1"]
[WhiteElo "1982"]
[BlackElo "2448"]
[TimeControl "180+1"]
[EndTime "9:31:26 PST"]
[Termination "Actuary44 won by checkmate"]

1. d4 Nf6 2. c4 g6 3. Nc3 Bg7 4. e4 d6 5. f3 O-O 6. Be3 Na6 7. Nge2 c5 8. Qd2 cxd4 9. Nxd4 Nc5 10. O-O-O a6 11.
Kb1 b5 12. cxb5 axb5 13. Bxb5 Qa5 14. Nc6 Qc7 15. Bd4 Be6 16. Nd5 Nxd5 17. Bxg7 Kxg7 18. exd5 Bf5+ 19. Ka1 Nb3# 0-1

[Event "Early-Titled-Tuesday-Blitz-November-28-2023"]
[Site "Chess.com"]
[Date "2023.11.28"]
[Round "8"]
[White "WindWhistler11"]
[Black "kkpanu9"]
[Result "1-0"]
[WhiteElo "2563"]
[BlackElo "2093"]
[TimeControl "180+1"]
[EndTime "9:31:50 PST"]
[Termination "WindWhistler11 won by resignation"]

1. Nf3 Nf6 2. g3 e6 3. Bg2 d5 4. c4 Be7 5. O-O c6 6. b3 O-O 7. Bb2 Nbd7 8. Na3 b6 9. Nc2 Ba6 10. d3 b5 11. Ncd4 Rc8 12. Rc1 bxc4 13. dxc4 c5 14. Nb5 Bxb5 15. cxb5 Qb6 16. a4 a6 17. bxa6 Qxa6 18. Nd2 Ne5 19. Bxe5 Nd7 20. Ba1 f6 21. e4 d4 22. Nc4 Rb8 23. f4 Rb7 24. e5 Rb4 25.
exf6 Nxf6 26. Re1 Rfb8 27. Bh3 Rxb3 28. Bxe6+ Kh8 29. Ne5 g6 30. Bxb3 1-0

[Event "Early-Titled-Tuesday-Blitz-November-28-2023"]
[Site "Chess.com"]
[Date "2023.11.28"]
[Round "8"]
[White "AsaHoffmann"]
[Black "tusplingher"]
[Result "0-1"]
[WhiteElo "2346"]
[BlackElo "2502"]
[TimeControl "180+1"]
[EndTime "9:31:53 PST"]
[Termination "tusplingher won by resignation"]

1. d4 Nf6 2. Bg5 c6 3. Nd2 d5 4. e3 Bf5 5. f4 Nbd7 6. Ngf3 e6 7.
Be2 Be7 8. O-O Ne4 9. Bxe7 Qxe7 10. Nxe4 Bxe4 11. Ne5 Nxe5 12. fxe5 Qg5 13. Bf3 Qxe3+ 14. Kh1 Bxf3 15. Rxf3 Qg5 16. Qd3 O-O 17. Raf1 Qg6 18. Qd2 f6 19. Rg3 fxe5 20. Re1 Qe4 21. Rge3 Qxd4 22. Qxd4 exd4 23. Rxe6 Rf2 24. Re7 Rxc2 25. Rxb7 d3 26. Rd1 d2 27. Kg1 Rc1 0-1

[Event "Early-Titled-Tuesday-Blitz-November-28-2023"]
[Site "Chess.com"]
[Date "2023.11.28"]
[Round "8"]
[White "GeorgiosSouleidis"]
[Black "Alen_Yeremyann"]
[Result "0-1"]
[WhiteElo "2633"]
[BlackElo "2785"]
[TimeControl "180+1"]
[EndTime "9:32:02 PST"]
[Termination "Alen_Yeremyann won by resignation"]

1. e4 Nf6 2. e5 Nd5 3. d4 d6 4. Nf3 Bg4 5. Be2 c6 6. O-O Bxf3 7. Bxf3 dxe5 8. dxe5 e6 9. c4 Ne7 10. Qe2 Ng6 11. b3 Nd7 12. Bb2 Qc7 13. Re1 Bb4 14. Nd2 Ndxe5 15. Be4 O-O-O 16. Red1 Nf4 17. Qe3 Ng4 18.
Qf3 Nxh2 19. Kxh2 Nd3+ 20. Kg1 Nxb2 21. Nf1 Nxd1 22. Rxd1 Rxd1 23. Qxd1 Rd8 24. Qh5 g6 25.
Qxh7 f5 26. Qxc7+ Kxc7 27. Bc2 e5 28. g3 e4 29. Kg2 Bc5 30. g4 a5 31. gxf5 gxf5 32.
Kg3 Bd6+ 33. Kg2 Bf4 0-1

[Event "Early-Titled-Tuesday-Blitz-November-28-2023"]
[Site "Chess.com"]
[Date "2023.11.28"]
[Round "8"]
[White "AryanTari"]
[Black "AlexPapasimakopoulos"]
[Result "0-1"]
[WhiteElo "2975"]
[BlackElo "2663"]
[TimeControl "180+1"]
[EndTime "9:32:08 PST"]
[Termination "AlexPapasimakopoulos won by resignation"]

1. e4 e6 2. c3 d5 3. e5 c5 4. d4 Nc6 5. Nf3 Bd7 6. Be2 f6 7. O-O fxe5 8. Nxe5 Nxe5 9. dxe5 Qc7 10. Re1 O-O-O 11. Bf1 Nh6 12. Bg5 Re8 13. c4 Nf7 14. Bf4 g5 15. Bg3 h5 16. Qf3 Bc6 17. h4 d4 18. Qd1 gxh4 19. Bxh4 Nxe5 20. Nd2 Ng4 21. g3 Be7 22. Bxe7 Rxe7 23. Bg2 Rf8 24. Bxc6 Nxf2 25. Qg4 hxg4 0-1

[Event "Early-Titled-Tuesday-Blitz-November-28-2023"]
[Site "Chess.com"]
[Date "2023.11.28"]
[Round "8"]
[White "gpsji27"]
[Black "chess_blitz00"]
[Result "0-1"]
[WhiteElo "2324"]
[BlackElo "2490"]
[TimeControl "180+1"]
[EndTime "9:32:20 PST"]
[Termination "chess_blitz00 won by resignation"]

1. d4 Nf6 2. Nf3 d6 3. Nc3 Bf5 4. Bg5 Nbd7 5. e3 h6 6. Bh4 Ne4 7. Nxe4 Bxe4 8. Nd2 Bh7 9. e4 c5 10. c3 cxd4 11. cxd4 Qb6 12. Nc4 Qb4+ 13. Qd2 Qxd2+ 14.
Nxd2 g5 15. Bg3 Bg7 16. d5 Nc5 17. Bb5+ Kf8 18. O-O Bxb2 19. Rab1 Bc3 20. Nb3 Nxe4 21. Rbc1 a6 22. Bd3 Nxg3 23. fxg3 Bxd3 24. Rf3 Bb2 25. Rxd3 Bxc1 26. Nxc1 Rc8 27. Ne2 Kg7 28. Rb3 b5 29.
Nd4 Rc5 30. Nf5+ Kf6 31. Rf3 g4 32. Rf4 Rc4 33. Nd4+ Ke5 34. Nc6+ Kxd5 35. Nxe7+ Ke6 0-1

[Event "Early-Titled-Tuesday-Blitz-November-28-2023"]
[Site "Chess.com"]
[Date "2023.11.28"]
[Round "8"]
[White "guillembaches"]
[Black "Arvids_Andrejevs"]
[Result "1/2-1/2"]
[WhiteElo "2513"]
[BlackElo "2370"]
[TimeControl "180+1"]
[EndTime "9:32:23 PST"]
[Termination "Game drawn by repetition"]

1. d4 Nf6 2. Nf3 c5 3. c3 d5 4. Bg5 Ne4 5. Be3 e6 6. Nbd2 Nxd2 7. Qxd2 cxd4 8. Nxd4 Nc6 9. g3 Be7 10. Bg2 O-O 11. O-O Bf6 12. Rfd1 Nxd4 13. Bxd4 Bd7 14. c4 Bc6 15. cxd5 Bxd5 16. Bxd5 Qxd5 17. Bxf6 Qxd2 18.
Rxd2 gxf6 19. Rd7 b6 20. Rc1 Rac8 21. Rxc8 Rxc8 22. Rxa7 Rc2 23. b3 Rxe2 24. Ra6 Rb2 25. Kg2 Kg7 26. Kf3 Kg6 27. Rxb6 Rxa2 28. Rb4 f5 29. h4 Kf6 30. Rb6 h5 31. Rb7 Rb2 32. Rb6 Ke5 33. Rb5+ Kf6 34. Rb6 Ke5 35.
Rb5+ Kf6 36. Rb6 1/2-1/2

[Event "Early-Titled-Tuesday-Blitz-November-28-2023"]
[Site "Chess.com"]
[Date "2023.11.28"]
[Round "8"]
[White "Witty_Alien"]
[Black "deepfear"]
[Result "1-0"]
[WhiteElo "2238"]
[BlackElo "1921"]
[TimeControl "180+1"]
[EndTime "9:32:28 PST"]
[Termination "Witty_Alien won on time"]

1. e4 c5 2. Nf3 g6 3. h4 h5 4. Bc4 d6 5. d4 cxd4 6. c3 dxc3 7. Nxc3 Bg7 8. Nd5 Nf6 9. Bg5 Qa5+ 10. b4 Qd8 11. Nxf6+ exf6 12. Bf4 O-O 13. O-O f5 14.
Bxd6 Bxa1 15. e5 Bc3 16. Qc1 Re8 17. Qh6 1-0

[Event "Early-Titled-Tuesday-Blitz-November-28-2023"]
[Site "Chess.com"]
[Date "2023.11.28"]
[Round "8"]
[White "SashaKuzhilniy"]
[Black "colegiodemadrid"]
[Result "1-0"]
[WhiteElo "2635"]
[BlackElo "2488"]
[TimeControl "180+1"]
[EndTime "9:32:31 PST"]
[Termination "SashaKuzhilniy won by resignation"]

1. b3 g6 2. Bb2 Nf6 3. g3 Bg7 4. Bg2 O-O 5. Nf3 a5 6. a3 a4 7. b4 d6 8. O-O e5 9. c4 Re8 10. Nc3 Nc6 11. d3 Bf5 12. e4 Bg4 13. Nxa4 Bxf3 14.
Bxf3 Nd7 15. Nc3 Nd4 16. Bg2 c6 17. Ne2 c5 18. Nxd4 exd4 19. f4 Qb6 20. b5 Qa5 21. a4 Rab8 22. Bc1 b6 23. Bd2 Qa7 24. a5 bxa5 25.
Rxa5 Qc7 26. Qb3 Nb6 27. Rfa1 g5 28. fxg5 Nd7 29. Ra7 Qd8 30. Bh3 Ne5 31. Kg2 Rb6 32.
Bf5 Rb8 33. h4 Re7 34. Rxe7 Qxe7 35. Ra6 Bf8 36. Qa3 Kg7 37. Kf1 Kg8 38. Ke2 Kg7 39. Ra7 Rb7 40. b6 Kg8 41. Qa6 1-0

[Event "Early-Titled-Tuesday-Blitz-November-28-2023"]
[Site "Chess.com"]
[Date "2023.11.28"]
[Round "8"]
[White "dianamirza"]
[Black "Nancy11111"]
[Result "1-0"]
[WhiteElo "2001"]
[BlackElo "2265"]
[TimeControl "180+1"]
[EndTime "9:32:41 PST"]
[Termination "dianamirza won by checkmate"]

1. g3 d6 2. Bg2 Nf6 3. e3 c6 4.
d4 Nbd7 5. c4 e5 6. Nc3 Be7 7.
Nge2 O-O 8. O-O h6 9. b3 Nb6 10. Bb2 Bf5 11. h3 a5 12. Kh2 a4 13.
Nxa4 Nxa4 14. bxa4 exd4 15. Nxd4 Bg6 16. Qb3 Qc7 17. f4 Ne4 18. Qd1 d5 19. cxd5 cxd5 20.
Rc1 Qb6 21. Ba1 Rfc8 22. f5 Bh7 23. Qg4 Nf6 24. Qe2 Bd6 25. Nb5 Rxc1 26. Rxc1 Bxf5 27.
Bxf6 gxf6 28. Bxd5 Rxa4 29. Qh5 Qxb5 30. Qxf7+ Kh8 31.
Qg8# 1-0

[Event "Early-Titled-Tuesday-Blitz-November-28-2023"]
[Site "Chess.com"]
[Date "2023.11.28"]
[Round "8"]
[White "Predator0608"]
[Black "ilushka"]
[Result "1-0"]
[WhiteElo "2600"]
[BlackElo "2416"]
[TimeControl "180+1"]
[EndTime "9:32:42 PST"]
[Termination "Predator0608 won by checkmate"]

1. e4 e5 2. Nf3 Nc6 3. Bc4 Nf6 4. Ng5 d5 5. exd5 Na5 6. Bb5+ c6 7. dxc6 bxc6 8.
Bd3 h6 9. Ne4 Nd5 10. O-O Nf4 11. Re1 Nxd3 12. cxd3 Be7 13. b4 Nb7 14. Bb2 O-O 15.
Bxe5 Qxd3 16. Re3 Qd5 17. Bb2 Bxb4 18. Rg3 f6 19. Nxf6+ Rxf6 20. Bxf6 Bf8 21. Nc3 Qd6 22. Qb3+ Kh8 23. Rg6 Nc5 24. Rxh6# 1-0

[Event "Early-Titled-Tuesday-Blitz-November-28-2023"]
[Site "Chess.com"]
[Date "2023.11.28"]
[Round "8"]
[White "LaPiToB"]
[Black "tandercat"]
[Result "1-0"]
[WhiteElo "2278"]
[BlackElo "2076"]
[TimeControl "180+1"]
[EndTime "9:32:51 PST"]
[Termination "LaPiToB won by resignation"]

1. c4 c5 2. Nc3 g6 3. g3 Bg7 4.
Bg2 Nc6 5. e4 d6 6. Nge2 e5 7.
d3 Nge7 8. Be3 O-O 9. O-O Nd4 10. a3 Be6 11. Rb1 a5 12. b4 axb4 13. axb4 b6 14. f4 exf4 15. gxf4 f5 16. Kh1 Ra3 17. Bxd4 cxd4 18.
Nb5 Ra2 19. Nexd4 Rxg2 20. Kxg2 Qd7 21. Nxe6 Qxe6 22. Qf3 fxe4 23. Qxe4 Qg4+ 24. Kh1 Nf5 25. Rbe1 Qh4 26. Qg2 Ra8 27. Qxa8+ 1-0

[Event "Early-Titled-Tuesday-Blitz-November-28-2023"]
[Site "Chess.com"]
[Date "2023.11.28"]
[Round "8"]
[White "The_Straightforward_Rook"]
[Black "djano"]
[Result "0-1"]
[WhiteElo "2469"]
[BlackElo "2579"]
[TimeControl "180+1"]
[EndTime "9:32:55 PST"]
[Termination "djano won by resignation"]

1. e4 g6 2. d4 Bg7 3. Nf3 c6 4. h3 d6 5. Bd3 Nd7 6. O-O e5 7. c3 Ngf6 8. Re1 O-O 9. a4 Qc7 10. Bc2 b6 11. Nbd2 Rb8 12. Nc4 Ba6 13. Ne3 Rfe8 14. b4 exd4 15. cxd4 Nxe4 16. Ng4 d5 17. Nh6+ Bxh6 18. Bxh6 Qd6 19. b5 Bb7 20. bxc6 Bxc6 21. Ne5 Nxe5 22. dxe5 Qe7 23. Qd4 Qh4 24. Bxe4 Qxh6 25.
Bxd5 Rbd8 26. e6 Bxd5 27. exf7+ Bxf7 28. Rxe8+ Rxe8 0-1

[Event "Early-Titled-Tuesday-Blitz-November-28-2023"]
[Site "Chess.com"]
[Date "2023.11.28"]
[Round "8"]
[White "Eagle_2019"]
[Black "Igor_Lysyj"]
[Result "1-0"]
[WhiteElo "2688"]
[BlackElo "2798"]
[TimeControl "180+1"]
[EndTime "9:33:02 PST"]
[Termination "Eagle_2019 won by resignation"]

1. d4 d5 2. Bg5 c5 3. c3 Qb6 4. Qc2 cxd4 5. cxd4 Nc6 6. e3 Bf5 7. Qxf5 Qxb2 8. Qd3 e6 9. Nf3 Qxa1 10. Qb3 Ba3 11. Qxb7 Bb4+ 12. Ke2 Qb2+ 13. Nfd2 Nge7 14. Qxa8+ Kd7 15.
Qxh8 f6 16. Bh4 Qxa2 17. Qxg7 1-0

[Event "Early-Titled-Tuesday-Blitz-November-28-2023"]
[Site "Chess.com"]
[Date "2023.11.28"]
[Round "8"]
[White "MIss_MIaMI"]
[Black "TimGrutter03"]
[Result "0-1"]
[WhiteElo "2401"]
[BlackElo "2570"]
[TimeControl "180+1"]
[EndTime "9:33:04 PST"]
[Termination "TimGrutter03 won by checkmate"]

1. e4 g6 2. Nf3 Bg7 3. d4 d6 4. c3 Nc6 5. Bd3 e5 6. dxe5 Nxe5 7. Nxe5 Bxe5 8. O-O Ne7 9. f4 Bg7 10. f5 Nc6 11. Bf4 Ne5 12. Bc2 Qe7 13. Kh1 Bd7 14. Nd2 O-O-O 15. Nf3 Nxf3 16. Qxf3 gxf5 17. exf5 Bc6 18.
Qf2 Kb8 19. a4 Be5 20. Be3 Rhg8 21. f6 Rxg2 22. Qxg2 Bxg2+ 23. Kxg2 Rg8+ 24. Kh1 Qe6 25. Rad1 Qh3 26. Rg1 Qxh2# 0-1

[Event "Early-Titled-Tuesday-Blitz-November-28-2023"]
[Site "Chess.com"]
[Date "2023.11.28"]
[Round "8"]
[White "LuisFSiles"]
[Black "JuniorJumper"]
[Result "0-1"]
[WhiteElo "2353"]
[BlackElo "2571"]
[TimeControl "180+1"]
[EndTime "9:33:05 PST"]
[Termination "JuniorJumper won by resignation"]

1. e4 e5 2. Nf3 Nc6 3. Bc4 Nf6 4. Ng5 d5 5. exd5 Na5 6. Bb5+ c6 7. dxc6 bxc6 8. Be2 h6 9. Nh3 Bxh3 10. gxh3 Bc5 11. d3 O-O 12. Nc3 Nd5 13. Ne4 Bb6 14. c4 f5 15.
cxd5 fxe4 16. b4 Bxf2+ 17. Kd2 cxd5 18. Qa4 exd3 19. Bxd3 Nc4+ 20. Ke2 Bd4 21. Rb1 Rf2+ 22. Kd1 Ne3+ 23. Bxe3 Bxe3 24. Be2 Qb6 25. b5 Raf8 26.
Rg1 Rxe2 27. Kxe2 Bxg1 0-1

[Event "Early-Titled-Tuesday-Blitz-November-28-2023"]
[Site "Chess.com"]
[Date "2023.11.28"]
[Round "8"]
[White "noblerone"]
[Black "KVAIDAN"]
[Result "1-0"]
[WhiteElo "2512"]
[BlackElo "2350"]
[TimeControl "180+1"]
[EndTime "9:33:08 PST"]
[Termination "noblerone won by resignation"]

1. d4 e6 2. Nf3 f5 3. Bf4 Nf6 4. e3 Be7 5. Be2 O-O 6. h3 b6 7. O-O Bb7 8. c4 Ne4 9. Nc3 Nxc3 10. bxc3 Nc6 11. Bh2 Na5 12. Rb1 Be4 13. Bd3 d6 14. Bxe4 fxe4 15. Nd2 d5 16. cxd5 exd5 17. c4 c6 18.
cxd5 cxd5 19. Qh5 Qd7 20. Rfc1 Rac8 21. Be5 Nc6 22. Nf1 Rf5 23. Qg4 Nxe5 24. dxe5 Rcf8 25. Ng3 Ba3 26. Nxf5 Rxf5 27. Rc7 Qxc7 28. Qxf5 Qe7 29. Rd1 g6 30. Qc8+ Kg7 31. Rxd5 1-0

[Event "Early-Titled-Tuesday-Blitz-November-28-2023"]
[Site "Chess.com"]
[Date "2023.11.28"]
[Round "8"]
[White "GAusal"]
[Black "Jamal-Jamal-Jamal"]
[Result "0-1"]
[WhiteElo "2292"]
[BlackElo "2482"]
[TimeControl "180+1"]
[EndTime "9:33:10 PST"]
[Termination "Jamal-Jamal-Jamal won by resignation"]

1. d4 e6 2. Nf3 d5 3. c4 Nf6 4. Nc3 Be7 5. Bg5 h6 6. Bxf6 Bxf6 7. e3 O-O 8. cxd5 exd5 9. h3 Bf5 10. Bd3 Bxd3 11.
Qxd3 Re8 12. Qb5 c6 13. Qxb7 Nd7 14. Qxc6 Nb6 15. Qb5 a6 16. Qb3 Nc4 17. Qc2 Qb6 18. b3 Nxe3 19. fxe3 Rxe3+ 20. Kf2 Bxd4 21. Nxd4 Qxd4 22.
Ne2 Rxe2+ 23. Kxe2 Re8+ 24. Kf3 Re3+ 25. Kf2 Rc3+ 0-1

[Event "Early-Titled-Tuesday-Blitz-November-28-2023"]
[Site "Chess.com"]
[Date "2023.11.28"]
[Round "8"]
[White "GatoRojo150"]
[Black "HajiyevKanan"]
[Result "1-0"]
[WhiteElo "2617"]
[BlackElo "2493"]
[TimeControl "180+1"]
[EndTime "9:33:11 PST"]
[Termination "GatoRojo150 won by resignation"]

1. e4 c6 2. Nc3 d5 3. Nf3 a6 4. d4 Bg4 5. Be2 e6 6. O-O Nf6 7. e5 Nfd7 8. Ng5 Bf5 9. Bh5 Bg6 10. Bxg6 hxg6 11. Qg4 c5 12. Nxe6 Qb6 13. Nxd5 Qc6 14. Ndc7+ Ke7 15. d5 Nxe5 16. Qg3 Qd6 17. Bg5+ f6 18.
Nxa8 fxg5 19. Rae1 Nbd7 20. Nxg5 Kd8 21. f4 Qxd5 22. fxe5 Be7 23. Nf7+ Kc8 24. Nxh8 Qd4+ 25. Kh1 Bh4 26. Qh3 Bxe1 27. Nb6+ Kc7 28. Qxd7+ Qxd7 29. Nxd7 1-0

[Event "Early-Titled-Tuesday-Blitz-November-28-2023"]
[Site "Chess.com"]
[Date "2023.11.28"]
[Round "8"]
[White "nitpicker"]
[Black "szachuspl"]
[Result "0-1"]
[WhiteElo "2334"]
[BlackElo "2529"]
[TimeControl "180+1"]
[EndTime "9:33:14 PST"]
[Termination "szachuspl won on time"]

1. d4 Nf6 2. c4 g6 3. Nc3 Bg7 4. e4 O-O 5. Be2 d6 6. Nf3 Nbd7 7. Be3 e5 8. d5 Nc5 9. Nd2 a5 10. a3 a4 11. Bxc5 dxc5 12. Nxa4 b6 13. O-O Ne8 14. b4 Bd7 15. Nc3 Nd6 16. Nb3 cxb4 17. axb4 Rxa1 18. Qxa1 f5 19. c5 Nxe4 20. Nxe4 fxe4 21. Bc4 Kh8 22. Nd2 Bf5 23. Re1 Qh4 24. g3 Qg4 25. Bf1 e3 26. fxe3 Qxb4 27. Qc1 bxc5 28. e4 Bh6 29. Re2 Bg4 30. Rg2 Bh3 31. Re2 Bxf1 0-1

[Event "Early-Titled-Tuesday-Blitz-November-28-2023"]
[Site "Chess.com"]
[Date "2023.11.28"]
[Round "8"]
[White "platy3"]
[Black "suyu28"]
[Result "1-0"]
[WhiteElo "2881"]
[BlackElo "2734"]
[TimeControl "180+1"]
[EndTime "9:33:21 PST"]
[Termination "platy3 won by resignation"]

1. e4 e5 2. Nf3 Nc6 3. Bb5 a6 4. Ba4 Nf6 5. d3 b5 6. Bb3 Bc5 7. a4 Rb8 8. Nc3 O-O 9. O-O h6 10. Be3 Bxe3 11. fxe3 d6 12. Qe1 Be6 13. Nd5 Bxd5 14.
exd5 Ne7 15. axb5 axb5 16. e4 c6 17. dxc6 Qb6+ 18. Kh1 Qxc6 19. Nh4 Kh7 20. Qg3 Ng6 21. Nf5 d5 22. exd5 Nxd5 23. Qf3 Nb4 24. Ra7 Qf6 25.
Qe4 Kh8 26. Qxb4 Nf4 27. Ng3 h5 28. Nxh5 Qb6 29. Nxf4 exf4 30. Rxf7 Rxf7 31. Bxf7 1-0

[Event "Early-Titled-Tuesday-Blitz-November-28-2023"]
[Site "Chess.com"]
[Date "2023.11.28"]
[Round "8"]
[White "jens1102"]
[Black "angryspacevoid"]
[Result "1-0"]
[WhiteElo "2629"]
[BlackElo "2479"]
[TimeControl "180+1"]
[EndTime "9:33:23 PST"]
[Termination "jens1102 won on time"]

1. c4 e5 2. g3 Nf6 3. Bg2 d5 4. cxd5 Nxd5 5. Nf3 Nc6 6. O-O Be6 7. d4 exd4 8. Nxd4 Nxd4 9. Qxd4 Qd7 10. Bg5 f6 11. Bd2 O-O-O 12. Nc3 Nxc3 13. Qxd7+ Rxd7 14. Bxc3 Bc5 15.
Rfd1 Rhd8 16. Rxd7 Rxd7 17. b3 Bd4 18. Bxd4 Rxd4 19.
Kf1 Rd2 20. Ke1 Rb2 21. Be4 g6 22. Bd3 a5 23. Kd1 a4 24. bxa4 Rxa2 25. Rxa2 Bxa2 26. Kc2 b6 27. h4 Bd5 28. h5 f5 29. h6 Kd7 30. Kc3 Kd6 31. Kb4 c5+ 32. Kb5 Kc7 33. g4 fxg4 34. Bxg6 Bg8 35. Bf5 Bb3 36. Bxh7 Bd5 37.
Bf5 Bg8 38. h7 Bxh7 39. Bxh7 Kd6 40. Bf5 g3 41. fxg3 1-0

[Event "Early-Titled-Tuesday-Blitz-November-28-2023"]
[Site "Chess.com"]
[Date "2023.11.28"]
[Round "8"]
[White "ideika"]
[Black "Mistango"]
[Result "0-1"]
[WhiteElo "2186"]
[BlackElo "2464"]
[TimeControl "180+1"]
[EndTime "9:33:27 PST"]
[Termination "Mistango won by checkmate"]

1. e4 c5 2. Nf3 d6 3. d4 cxd4 4.
Nxd4 Nf6 5. Nc3 a6 6. Bg5 Nbd7 7. f4 e6 8. Qf3 Qc7 9. O-O-O b5 10. a3 Bb7 11. g4 Be7 12. Bxf6 gxf6 13. f5 Ne5 14. Qg3 Qd7 15. h4 Rg8 16. Be2 h5 17. g5 fxg5 18. fxe6 fxe6 19. Bxh5+ Kd8 20. hxg5 Rxg5 21. Qh3 Bc8 22. Rhg1 Kc7 23. Kb1 Nc6 24. Rxg5 Bxg5 25. Ndxb5+ axb5 26. Nxb5+ Kb8 27. Rxd6 Qb7 28. c4 Bf4 29. Rd1 Be5 30. Bg4 Na7 31. Qh5 Qxe4+ 32. Ka1 Nxb5 33. cxb5 Rxa3# 0-1